 Dungeon Crawl Stone Soup version 0.20.0-15-g7f486f2 (webtiles) character file.

4669 Merlin the Scholar of Death (level 10, -10/70 HPs)
             Began as a Demonspawn Necromancer on June 17, 2017.
             Was a Follower of Kikubaaqudgha.
             Mangled by Pikel
             ... wielding a +2 whip of electrocution
              (19 damage)
             ... on level 7 of the Dungeon on June 18, 2017.
             The game lasted 01:47:36 (5368 turns).

Merlin the Scholar of Death (DsNe)                  Turns: 5368, Time: 01:47:38

Health: -10/70     AC: 17    Str: 11    XL:     10   Next: 20%
Magic:  13/21      EV: 14    Int: 19    God:    Kikubaaqudgha [*.....]
Gold:   160        SH:  0    Dex: 13    Spells: 5/23 levels left

rFire    . . .     SeeInvis .   q - +2 flail (protect)
rCold    . . .     Gourm    .   (no shield)
rNeg     . . .     Faith    .   d - +2 robe
rPois    .         Spirit   .   (helmet restricted)
rElec    .         Reflect  .   (no cloak)
rCorr    .         Harm     .   (no gloves)
MR       +....                  (no boots)
Stlth    +++.......             f - amulet of regeneration
Regen    0.0/turn               z - ring of protection from magic
MPRegen  0.2/turn               (no ring)

@: mighty, protection aura
A: antennae 2, iridescent scales 3, sense surroundings 1, inhibited
regeneration, spiny 1, weak 2
a: Receive Corpses, Renounce Religion


You were on level 7 of the Dungeon.
You worshipped Kikubaaqudgha.
Kikubaaqudgha was aware of your devotion.
You were not hungry.

You visited 2 branches of the dungeon, and saw 8 of its levels.
You also visited: Sewer and Bailey.

You collected 347 gold pieces.
You spent 187 gold pieces at shops.

Inventory:

Hand Weapons
 q - a +2 flail of protection (weapon)
 x - a +0 dagger
 y - a +0 hunting sling
 E - a +2 hand axe of chopping
 L - a +2 dire flail of protection
 O - a +2 shortbow of flaming
 S - a +3 dagger
 T - a +2 morningstar of venom
Missiles
 e - 105 arrows
 j - 37 tomahawks of returning (quivered)
 o - 163 stones
 Y - 14 poisoned needles
Armour
 a - +0 steam dragon scales
 d - a +2 robe (worn)
 g - a +1 scale mail of magic resistance
 i - a +0 pair of gloves
 n - a +0 robe
 r - +0 steam dragon scales
 s - a +0 robe
 I - a +0 ring mail
Jewellery
 f - an amulet of regeneration (around neck)
 z - a ring of protection from magic (left hand)
Wands
 h - a wand of random effects (42/48)
 w - a wand of acid (1/15)
 A - a wand of flame (9/48)
 F - a wand of confusion (12/48)
 K - a wand of flame (30/48)
 M - a wand of iceblast (4/15)
Scrolls
 t - 3 scrolls of enchant armour
 v - 2 scrolls of enchant weapon {unknown}
 C - 2 scrolls of remove curse
 J - a scroll of acquirement {unknown}
 W - a scroll of teleportation
Potions
 k - a potion of flight
 p - a potion of resistance
 B - 5 potions of curing
 H - a potion of magic
 N - a potion of invisibility
 V - 8 potions of degeneration
 Z - 2 potions of heal wounds {unknown}
Books
 b - a book of Necromancy

   Spells                             Type                      Level
   a - Pain                           Necromancy                   1
   b - Animate Skeleton               Necromancy                   1
   c - Vampiric Draining              Necromancy                   3
   d - Regeneration                   Charms/Necromancy            3
   e - Animate Dead                   Necromancy                   4
   f - Control Undead                 Necromancy                   4
 c - Kikubaaqudgha's Tome of Dark Rites
   (Kikubaaqudgha gifted it to you on level 7 of the Dungeon)

   Spells                             Type                      Level
   a - Animate Skeleton               Necromancy                   1
   b - Corpse Rot                     Necromancy                   2
   c - Sublimation of Blood           Necromancy                   2
   d - Regeneration                   Charms/Necromancy            3
   e - Control Undead                 Necromancy                   4
Comestibles
 l - 2 chunks of flesh
 u - 11 fruits
 D - 2 meat rations
 P - a bread ration


   Skills:
 + Level 3.2 Fighting
 + Level 2.2 Short Blades
 + Level 4.7(5.1) Axes
 + Level 2.7(4.1) Maces & Flails
 + Level 2.4(2.9) Slings
 + Level 2.2 Bows
 + Level 2.2(2.8) Throwing
 + Level 2.3 Armour
 + Level 4.4 Dodging
 + Level 4.5 Stealth
 + Level 2.2 Unarmed Combat
 + Level 7.3 Spellcasting
 + Level 2.2 Charms
 + Level 9.5 Necromancy
 + Level 3.3 Evocations


You had 5 spell levels left.
You knew the following spells:

 Your Spells              Type           Power        Failure   Level  Hunger
a - Pain                  Necr           ####         1%          1    None
b - Animate Skeleton      Necr           N/A          1%          1    None
c - Vampiric Draining     Necr           #####.....   1%          3    #......
d - Animate Dead          Necr           N/A          1%          4    ###....
e - Control Undead        Necr           #####.....   1%          4    ###....
f - Regeneration          Chrm/Necr      ####......   2%          3    #......
g - Sublimation of Blood  Necr           #####.....   1%          2    None


Dungeon Overview and Level Annotations

Branches:
Dungeon (7/15)             Temple (1/1) D:6

Altars:
Ashenzari
Cheibriados
Dithmenos
Elyvilon
Fedhas
Gozag
Hepliaklqana
Kikubaaqudgha
Makhleb
Nemelex Xobeh
Okawaru
Qazlal
Ru
Sif Muna
Trog
Uskayaw
Vehumet
Xom
Yredelemnul
Zin
The Shining One

Shops:
D:7 *

Annotations:
D:7 Pikel


Innate Abilities, Weirdness & Mutations

You have a pair of antennae on your head.
You are completely covered in iridescent scales. (AC +6)
You are partially covered in sharp spines.
You passively map a small area around you.
You do not regenerate when monsters are visible.
You are very weak. (Str -4)


Message History

You are electrocuted!
* * * LOW HITPOINT WARNING * * *
The slave is struck by your spines. The slave closely misses you.
Aiming: Confuse (will waste charges)
Press: ? - help, Shift-Dir - straight line, p - slave
Okay, then.
It was a potion of might.
You feel very mighty all of a sudden. The slave hits you but does no damage.
The slave is struck by your spines. The slave hits you but does no damage.
Something hits you but does no damage. The slave is struck by your spines.
The slave hits you.
* * * LOW HITPOINT WARNING * * *
Unknown command.
You sock something!
Your weapon exudes an aura of protection.
The slave is struck by your spines. The slave barely misses you.
The slave is struck by your spines. The slave barely misses you.
Something hits you but does no damage.
You are electrocuted!
You die...
Kikubaaqudgha rasps: "You have failed me!
Welcome... death!"

### ### ####..
##############.###.....
#....p@................
#....pp{........##.....
#.....p........####....
#...............# ##...
#...............# #...
#...............# ##..
#.............### #...
#..)..[.....### #...
..........## #.[.


You could see 4 slaves.

Vanquished Creatures
  The ghost of Monsterracer the Ruffian, an amateur VSTm (D:3)
  2 steam dragons (D:6)
  Duvessa (D:7)
  3 orc warriors
  2 sky beasts (D:7)
  A phantom (D:6)
  2 centaurs (D:5)
  3 bullfrogs
  A wyvern zombie (D:7)
  2 electric eels (D:5)
  A howler monkey (D:5)
  A bullfrog zombie (D:5)
  An orc priest (D:7)
  3 jellies
  2 bullfrog skeletons
  A centaur skeleton (D:5)
  3 hounds
  An orc wizard (D:7)
  6 worker ants
  Robin (D:3)
  5 gnolls
  3 worker ant zombies
  5 adders
  A shadow imp (D:7)
  An ooze (D:4)
  3 dart slugs
  5 leopard geckos
  12 orcs
  5 bats
  A giant cockroach (D:1)
  12 goblins
  9 hobgoblins
  4 jackals (Sewer)
  23 kobolds
  2 quokkas
  4 ball pythons
  4 frilled lizards
  A jackal skeleton (D:5)
  6 rats
  2 plants
146 creatures vanquished.

Vanquished Creatures (collateral kills)
  A centaur (D:7)
  A bullfrog (D:7)
  Dowan (D:7)
  An iguana (D:7)
  Ijyb (D:5)
  A worker ant (D:7)
  A dart slug (D:1)
  A goblin (D:3)
  A frilled lizard (D:5)
  3 kobolds
12 creatures vanquished.

Vanquished Creatures (others)
  A plant (Sewer)
1 creature vanquished.

Grand Total: 159 creatures vanquished

Notes
Turn   | Place    | Note
-------+----------+-------------------------------------------
     0 | D:1      | Merlin the Demonspawn Necromancer began the quest for the Orb.
     0 | D:1      | Reached XP level 1. HP: 13/13 MP: 3/3
     2 | D:1      | Learned a level 1 spell: Animate Skeleton
   514 | D:1      | Gained mutation: You have a pair of small antennae on your head. [demonic ancestry]
   514 | D:1      | Reached XP level 2. HP: 6/19 MP: 1/5
  1616 | D:3      | Noticed Robin
  1616 | D:3      | Noticed Monsterracer's ghost (amateur VSTm)
  1632 | D:2      | You fall through a shaft!
  1664 | D:2      | Reached skill level 5 in Necromancy
  1754 | D:3      | Gained mutation: You are partially covered in sharp spines. [demonic ancestry]
  1754 | D:3      | Reached XP level 3. HP: 24/24 MP: 4/6
  1830 | D:3      | Killed Monsterracer's ghost
  1830 | D:3      | Gained mutation: You are partially covered in iridescent scales. (AC +2) [demonic ancestry]
  1830 | D:3      | Reached XP level 4. HP: 26/30 MP: 3/9
  1830 | D:3      | Reached XP level 5. HP: 30/35 MP: 3/10
  1997 | D:3      | Reached skill level 6 in Necromancy
  2002 | D:3      | Learned a level 3 spell: Vampiric Draining
  2007 | D:3      | Learned a level 4 spell: Animate Dead
  2093 | D:3      | Killed Robin
  2385 | D:4      | Gained mutation: You are mostly covered in iridescent scales. (AC +4) [demonic ancestry]
  2385 | D:4      | Reached XP level 6. HP: 31/41 MP: 1/12
  2572 | D:5      | Entered Level 5 of the Dungeon
  2574 | D:5      | Found a transporter.
  2580 | D:5      | Noticed a sky beast
  2607 | D:5      | Found a sacrificial altar of Ru.
  2615 | D:5      | Noticed Ijyb
  2615 | D:5      | Became a worshipper of Ru the Awakened
  2674 | D:4      | Learned a level 4 spell: Control Undead
  2693 | D:5      | Reached skill level 1 in Axes
  2884 | D:5      | Found a transporter.
  2917 | D:5      | Reached XP level 7. HP: 24/47 MP: 4/13
  3198 | D:5      | Reached skill level 5 in Spellcasting
  3198 | D:5      | Reached skill level 7 in Necromancy
  3202 | D:5      | Killed Ijyb
  3502 | D:5      | Found an opulent altar of Gozag.
  3563 | D:6      | Found a glowing drain.
  3573 | Sewer    | Entered a sewer
  3772 | Sewer    | Reached skill level 1 in Fighting
  4159 | D:6      | Reached XP level 8. HP: 37/54 MP: 16/16
  4310 | D:6      | Found a staircase to the Ecumenical Temple.
  4322 | D:6      | Reached skill level 1 in Evocations
  4325 | Temple   | Entered the Ecumenical Temple
  4473 | Temple   | Fell from the grace of Ru
  4473 | Temple   | Became a worshipper of Kikubaaqudgha
  4713 | D:7      | Noticed Duvessa
  4713 | D:7      | Noticed Dowan
  4724 | D:7      | Killed Duvessa
  4729 | D:7      | Killed Dowan
  4815 | D:7      | Reached skill level 8 in Necromancy
  4888 | D:7      | Found a flagged portal.
  4911 | D:7      | Reached * piety under Kikubaaqudgha
  4911 | D:7      | Identified Kikubaaqudgha's Tome of Dark Rites (Kikubaaqudgha gifted it to you on level 7 of the Dungeon)
  4911 | D:7      | Received a gift from Kikubaaqudgha
  4919 | D:7      | Learned a level 3 spell: Regeneration
  4922 | D:7      | Learned a level 2 spell: Sublimation of Blood
  4933 | D:7      | Gained mutation: You have a pair of antennae on your head. [demonic ancestry]
  4933 | D:7      | Reached XP level 9. HP: 38/59 MP: 4/18
  4956 | Bailey   | Entered a bailey
  4961 | Bailey   | Noticed an orc warlord
  5105 | Bailey   | Reached skill level 1 in Maces & Flails
  5126 | Bailey   | Found a runed gate.
  5128 | Bailey   | Found a runed gate.
  5130 | Bailey   | Found a runed gate.
  5272 | D:7      | Gained mutation: You are weak. (Str -2) [potion of mutation]
  5272 | D:7      | Gained mutation: You are very weak. (Str -4) [potion of mutation]
  5272 | D:7      | Gained mutation: You do not regenerate when monsters are visible. [potion of mutation]
  5272 | D:7      | Gained mutation: You passively map a small area around you. [potion of mutation]
  5301 | D:7      | Found Poocwuf's Assorted Antiques.
  5304 | D:7      | Bought a pair of gloves for 112 gold pieces
  5304 | D:7      | Bought a potion of flight for 75 gold pieces
  5349 | D:7      | Reached skill level 9 in Necromancy
  5353 | D:7      | Noticed Pikel
  5366 | D:7      | Gained mutation: You are completely covered in iridescent scales. (AC +6) [demonic ancestry]
  5366 | D:7      | Reached XP level 10. HP: 19/70 MP: 12/21
  5368 | D:7      | Mangled by Pikel

Skill      XL: |  1  2  3  4  5  6  7  8  9 |
---------------+----------------------------+-----
Necromancy     | 5 6 7 8 9 |  9.5
Stealth        | 2 3 4 |  4.5
Spellcasting   | 3 4 5 6 7 |  7.3
Dodging        | 2 3 4 |  4.4
Axes           | 1 2 3 4 |  4.7
Fighting       | 1 3 |  3.2
Evocations     | 1 3 |  3.3
Maces & Flails | 2 |  2.7
Short Blades   | 2 |  2.2
Slings         | 2 |  2.4
Bows           | 2 |  2.2
Throwing       | 2 |  2.2
Armour         | 2 |  2.3
Unarmed Combat | 2 |  2.2
Charms         | 2 |  2.2

Action                   |  1- 3 |  4- 6 |  7- 9 | 10-12 || total
-------------------------+-------+-------+-------+-------++-------
Melee: Club              |    15 |     9 |       |       ||    24
       Unarmed           |     1 |       |       |       ||     1
       Hand axe          |       |    41 |   189 |       ||   230
       Dire flail        |       |       |    18 |       ||    18
       Flail             |       |       |    10 |     1 ||    11
Throw: Tomahawk          |       |       |     3 |       ||     3
 Cast: Pain              |    43 |    31 |    62 |       ||   136
       Animate Skeleton  |     4 |     1 |       |       ||     5
       Animate Dead      |       |     3 |    15 |       ||    18
       Vampiric Draining |       |     1 |    11 |       ||    12
       Control Undead    |       |     1 |     8 |       ||     9
       Sublimation of Bl |       |       |     4 |       ||     4
       Regeneration      |       |       |     1 |       ||     1
Invok: Receive Corpses   |       |       |     1 |       ||     1
Evoke: Wand              |     2 |     1 |    12 |       ||    15
  Use: Scroll            |     4 |     6 |     7 |       ||    17
       Potion            |     1 |     5 |     6 |     1 ||    13
 Stab: Sleeping          |       |     1 |     2 |       ||     3
       Distracted        |       |     1 |       |       ||     1
  Eat: Chunk             |     1 |     1 |     2 |       ||     4
       Bread ration      |     1 |     1 |     1 |       ||     3
       Fruit             |       |       |     5 |       ||     5
Armor: Robe              |     3 |    23 |    43 |     6 ||    75
Dodge: Dodged            |    21 |    57 |   104 |     4 ||   186
